 Dungeon Crawl Stone Soup version 0.23-a0-54-gae6112e (webtiles) character file.

138545 tilp the Phalangite (level 17, -10/133 HPs)
             Began as a Merfolk Ice Elementalist on Aug 7, 2018.
             Was a High Priest of Makhleb.
             Killed from afar by a nagaraja (40 damage)
             ... with an orb of energy
             ... on level 4 of the Snake Pit on Aug 8, 2018.
             The game lasted 02:29:36 (36286 turns).

tilp the Phalangite (Merfolk Ice Elementalist)     Turns: 36286, Time: 02:29:37

Health: -10/133    AC: 16    Str: 19    XL:     17   Next: 26%
Magic:  23/29      EV: 21    Int: 22    God:    Makhleb [*****.]
Gold:   2147       SH:  5    Dex: 15    Spells: 1/32 levels left

rFire    + . .     SeeInvis .   a - +6 bardiche of Defilement {freeze, rF+}
rCold    . . .     Gourm    .   (shield currently unavailable)
rNeg     . . .     Faith    .   J - +2 robe of Baom {*Drain rCorr Str+4 Int+2}
rPois    +         Spirit   .   K - +2 helmet
rElec    .         Reflect  +   L - +2 cloak {rPois}
rCorr    +         Harm     .   T - +2 pair of gloves
MR       ++...                  q - +2 pair of boots
Stlth    ++........             f - +5 amulet of reflection
HPRegen  0.32/turn              p - ring of protection from magic
MPRegen  0.21/turn              g - +6 ring of strength

@: very slightly contaminated
A: change form in water, swift swim, stealthy swim
a: Minor Destruction, Lesser Servant of Makhleb, Major Destruction, Greater
Servant of Makhleb, Renounce Religion


You were on level 4 of the Snake Pit.
You worshipped Makhleb.
Makhleb was extremely pleased with you.
You were not hungry.

You visited 4 branches of the dungeon, and saw 27 of its levels.
You also visited: Trove.

You collected 3204 gold pieces.
You spent 1057 gold pieces at shops.

Inventory:

Hand Weapons
 a - the +6 bardiche of Defilement (weapon) {freeze, rF+}
   (You acquired it on level 2 of the Lair of Beasts)

   It has been specially enchanted to freeze those struck by it, causing extra
   injury to most foes and up to half again as much damage against particularly
   susceptible opponents.
   It can also slow down cold-blooded creatures.
   It protects you from fire.
 b - a +4 scimitar of flaming
 v - the +3 bardiche of the Pits of Slime {chop, Str+4 Dex+8}
   (You found it in a treasure trove)

   It inflicts extra damage upon your enemies.
   It affects your strength (+4).
   It affects your dexterity (+8).
Missiles
 k - 63 tomahawks (quivered)
Armour
 q - a +2 pair of boots (worn)
 J - the +2 robe of Baom (worn) {*Drain rCorr Str+4 Int+2}
   (You found it on level 8 of the Dungeon)

   It affects your strength (+4).
   It affects your intelligence (+2).
   It provides partial protection from all sources of acid and corrosion.
   It causes draining when unequipped.
 K - a +2 helmet (worn)
 L - a +2 cloak of poison resistance (worn)
 T - a +2 pair of gloves (worn)
Jewellery
 f - a +5 amulet of reflection (around neck)
 g - a +6 ring of strength (right hand)
 o - an uncursed ring of positive energy
 p - a ring of protection from magic (left hand)
 s - an uncursed ring of poison resistance
 u - a +4 ring of intelligence
 y - an uncursed ring of protection from cold
 z - an uncursed ring of flight
 M - an uncursed ring of fire
Wands
 e - a wand of iceblast (10)
 B - a wand of paralysis (9)
 D - a wand of polymorph (14)
 G - a wand of enslavement (23)
 I - a wand of acid (39)
 N - a wand of scattershot (14)
Scrolls
 j - 11 scrolls of teleportation
 n - 6 scrolls of fear
 w - a scroll of fog
 x - 12 scrolls of remove curse
 A - 2 scrolls of enchant weapon
 Q - 5 scrolls of magic mapping
 R - 5 scrolls of identify
 X - 5 scrolls of amnesia
 Y - a scroll of holy word
Potions
 d - 3 potions of brilliance
 l - a potion of mutation
 m - 9 potions of curing
 r - a potion of berserk rage
 t - 7 potions of haste
 C - 3 potions of agility
 F - 3 potions of magic
 H - 2 potions of might
 O - 6 potions of cancellation
 P - 2 potions of resistance
 U - 4 potions of flight
 W - 2 potions of ambrosia
Miscellaneous
 i - a sack of spiders
Comestibles
 c - 39 rations


   Skills:
 * Level 11.9 Fighting
 - Level 26.0 Polearms
 + Level 12.3 Dodging
 - Level 2.1 Stealth
 - Level 8.0 Spellcasting
 + Level 5.3 Conjurations
 - Level 8.0 Charms
 + Level 11.7 Ice Magic
 - Level 4.0 Invocations
 - Level 4.0 Evocations


You had one spell level left.
You knew the following spells:

 Your Spells              Type           Power        Failure   Level  Hunger
a - Freeze                Ice            ####         1%          1    None
b - Throw Frost           Conj/Ice       #####.       1%          2    None
c - Ozocubu's Armour      Chrm/Ice       ######..     1%          3    None
d - Throw Icicle          Conj/Ice       #####...     2%          4    ###....
e - Regeneration          Chrm/Necr      ####......   4%          3    None
f - Spectral Weapon       Hex/Chrm       ####....     4%          3    None
g - Conjure Flame         Conj/Fire      ###.....     8%          3    None
h - Bolt of Cold          Conj/Ice       #####.....   34%         6    ######.
i - Freezing Cloud        Conj/Ice/Air   ####......   73%         6    ######.

Your spell library contained the following spells:

 Spells                   Type           Power        Failure   Level  Hunger
 Fireball                 Conj/Fire      ###.......   56%         5    #####..
 Bolt of Fire             Conj/Fire      ###.......   98%         6    ######.
 Lightning Bolt           Conj/Air       ###.......   56%         5    #####..
 Confuse                  Hex            #.......     22%         3    None
 Throw Flame              Conj/Fire      ###...       3%          2    None
 Mephitic Cloud           Conj/Pois/Air  ###.....     11%         3    None
 Ring of Flames           Chrm/Fire      ####......   100%        7    #######
 Venom Bolt               Conj/Pois      ###.......   56%         5    #####..
 Olgreb's Toxic Radiance  Pois           #.......     58%         4    ###....
 Animate Dead             Necr           N/A          58%         4    ###....
 Ozocubu's Refrigeration  Ice            ######....   9%          6    ######.
 Sticky Flame             Conj/Fire      ###.....     24%         4    ###....
 Summon Ice Beast         Ice/Summ       ####....     7%          4    ###....
 Sting                    Conj/Pois      ###.         2%          1    None
 Tukima's Dance           Hex            #.......     22%         3    None
 Stone Arrow              Conj/Erth      ###...       8%          3    None
 Shock                    Conj/Air       ###.         2%          1    None
 Swiftness                Chrm/Air       ####....     2%          2    None
 Recall                   Summ/Tloc      N/A          22%         3    None
 Spider Form              Tmut/Pois      #.........   22%         3    None
 Blade Hands              Tmut           #.........   90%         5    #####..
 Ice Form                 Ice/Tmut       ####....     7%          4    ###....
 Death Channel            Necr           #.........   100%        6    ######.
 Deflect Missiles         Chrm/Air       ####......   91%         6    ######.
 Airstrike                Air            #.........   58%         4    ###....
 Confusing Touch          Hex            #.....       8%          1    None
 Flame Tongue             Conj/Fire      ###..        2%          1    None
 Passwall                 Tmut/Erth      #.......     11%         2    None
 Ignite Poison            Fire/Tmut/Pois #.......     22%         3    None
 Sticks to Snakes         Tmut           #.......     11%         2    None
 Ensorcelled Hibernation  Hex/Ice        ####..       1%          2    None
 Metabolic Englaciation   Hex/Ice        ####......   19%         5    #####..
 Silence                  Hex/Air        #.........   90%         5    #####..
 Static Discharge         Conj/Air       ###.....     8%          3    None
 Corona                   Hex            #......      8%          1    None
 Lee's Rapid Deconstruct  Erth           #.........   90%         5    #####..
 Sandblast                Erth           #.....       8%          1    None
 Simulacrum               Ice/Necr       ####......   71%         6    ######.
 Conjure Ball Lightning   Conj/Air       ###.......   98%         6    ######.
 Petrify                  Tmut/Erth      #.......     58%         4    ###....
 Tornado                  Air            #.........   100%        9    #######
 Shroud of Golubria       Chrm/Tloc      ####......   2%          2    None
 Inner Flame              Hex/Fire       #.......     22%         3    None
 Beastly Appendage        Tmut           #.....       8%          1    None
 Dazzling Spray           Conj/Hex       ###...       8%          3    None
 Infusion                 Chrm           ####         1%          1    None
 Song of Slaying          Chrm           #####...     1%          2    None
 Summon Lightning Spire   Summ/Air       #.......     58%         4    ###....
 Gell's Gravitas          Tloc           #.........   22%         3    None
 Yara's Violent Unravell  Hex/Tmut       #.........   90%         5    #####..
 Poisonous Vapours        Pois/Air       #.....       11%         2    None
 Ignition                 Fire           #.........   100%        8    #######
 Borgnjor's Vile Clutch   Necr/Erth      #.........   90%         5    #####..


Dungeon Overview and Level Annotations

Branches:
Dungeon (15/15)            Temple (0/1) D:5            Lair (6/6) D:8
 Shoals (0/4) Lair:4        Snake (4/4) Lair:4        Slime (0/5) Lair:5
    Orc (2/2) D:12            Elf (0/3) Orc:2        Vaults (0/5) D:14
 Depths (0/5) D:15

Altars:
Ashenzari
Cheibriados
Dithmenos
Elyvilon
Gozag
Kikubaaqudgha
Makhleb
Nemelex Xobeh
Qazlal
Sif Muna
Trog
Uskayaw
Vehumet
Wu Jian
Xom
Yredelemnul
The Shining One
Beogh

Shops:
Orc:2 !(([   Snake:3 %=[(*

Annotations:
Snake:4 Vashnia


Message History

The splash of poison hits you! You resist.
You are very lightly contaminated with residual magic.
Your icy armour cracks and falls away as you move.
The nagaraja gestures at you while chanting.
You resist with almost no effort.
Your skin stops crawling.
The nagaraja spits poison at you. The splash of poison misses you.
Okay, then.
As you read the scroll of fog, it crumbles to dust.
The scroll dissolves into smoke.
You flicker for a moment.
You block the nagaraja's attack.
The nagaraja is no longer moving quickly.
The nagaraja spits poison at you. The splash of poison misses you.
You flicker back into view.
The nagaraja casts a spell at you. The orb of energy hits you!
You die...

###..######...................
#..###......#####...........
##[###.......# ###......###
#..# #.......# ######## ##.##
#.......# #..# #.......# #.##
#.......# ##.# #.......# #.##
##.....@######## ####### ##.#
#..........N..###§§§§.. #..#
##...............§§§§.. ##.##
##.........#...§§§§§(. #..#
##....[..##.§)).).(.. #.##
#.......##.#..§).... ..#
###....##..##....).) .##
#######..###...... .# ##.##
###....


You could see a nagaraja.

Vanquished Creatures
  Nikola (Snake:1)
  Kirke (Snake:1)
  An orc warlord (Orc:2)
  Azrael (Snake:1)
  9 naga warriors
  2 vault guards (D:14)
  2 death knights
  5 hydras
  A centaur warrior (D:15)
  Erica (Orc:1)
  4 two-headed ogres
  9 anacondas
  3 tengu warriors
  An orc high priest (Orc:2)
  A death yak (Lair:6)
  5 shock serpents
  11 naga sharpshooters
  Sonja (Lair:2)
  2 salamander mystics (Snake:2)
  3 unseen horrors
  2 naga ritualists (Snake:3)
  A wizard (D:14)
  A phantasmal warrior (D:13)
  3 orc knights (Orc:2)
  7 mana vipers
  A wolf spider zombie (D:13)
  A deep elf mage (D:13)
  2 lindwurms
  2 orb spiders (shapeshifter)
  2 orc sorcerers (Orc:2)
  A faun (shapeshifter) (D:15)
  A necromancer (D:14)
  A wolf spider (Lair:6)
  A cyclops (D:13)
  12 salamanders
  6 ugly things
  2 manticores
  32 black mambas
  A merfolk siren (Lair:4)
  11 elephants (Lair:6)
  2 guardian serpents
  11 naga magi
  19 spiny frogs
  2 gargoyles
  5 rime drakes
  A torpor snail (Lair:6)
  6 centaur skeletons
  5 komodo dragons
  2 freezing wraiths
  5 yaktaurs
  6 trolls
  A polar bear (Lair:2)
  2 hornets (Lair:6)
  14 blink frogs
  8 hippogriffs
  3 slime creatures (D:14)
  A shadow (D:12)
  3 redbacks (Lair:6)
  5 wraiths
  9 wyverns
  6 fire elementals
  4 hogs (Snake:1)
  20 humans (D:14)
  55 yaks
  A hungry ghost (D:7)
  4 vampire mosquitoes
  3 basilisks
  2 steam dragons
  Edmund (D:6)
  31 nagas
  10 wargs
  2 hell hounds (Snake:1)
  10 porcupines
  17 water moccasins
  28 orc warriors
  2 black bears
  6 phantoms
  5 ice beasts
  An eye of draining (D:9)
  3 sky beasts
  12 ogres
  8 wolves
  10 centaurs
  7 crocodiles
  2 big kobolds
  16 bullfrogs
  A gnoll sergeant (Orc:2)
  3 scorpions
  A troll zombie (D:12)
  13 wights
  2 electric eels
  4 howler monkeys
  2 crimson imps
  2 centaur zombies
  6 human zombies (D:12)
  4 hounds
  17 orc priests
  5 jellies
  3 bullfrog zombies
  3 bullfrog skeletons
  An iron imp (D:8)
  26 orc wizards
  Crazy Yiuf (D:2)
  5 iguanas
  15 worker ants
  An ogre zombie (D:12)
  A hound skeleton (D:7)
  2 mummies (D:12)
  A howler monkey zombie (D:11)
  A worker ant zombie (D:7)
  5 gnolls (Orc:2)
  16 adders
  2 shadow imps
  3 oozes
  2 adder skeletons
  A dart slug (D:2)
  4 leopard geckos
  97 orcs
  4 ball pythons
  10 giant cockroaches
  6 goblins
  11 hobgoblins
  8 jackals
  14 kobolds
  5 quokkas
  7 bats
  3 frilled lizards
  A jackal skeleton (D:9)
  2 leopard gecko skeletons
  7 rats
  A plant (Lair:6)
859 creatures vanquished.

Vanquished Creatures (collateral kills)
  A nagaraja (Snake:4)
  5 hydras
  2 yaks (Lair:2)
  A basilisk (Lair:2)
  An acid dragon (Lair:6)
  A naga (Snake:4)
  A water moccasin (Lair:3)
12 creatures vanquished.

Vanquished Creatures (others)
  A naga mage (Snake:1)
  A komodo dragon (Lair:5)
  2 blink frogs (Lair:5)
  3 humans (Snake:1)
  A naga (Snake:3)
  An ice beast (D:5)
  3 wolves (Lair:5)
  A quasit (D:5)
  18 fungi
  13 plants
  27 spectral weapons
71 creatures vanquished.

Grand Total: 942 creatures vanquished

Notes
Turn   | Place    | Note
-------+----------+-------------------------------------------
     0 | D:1      | tilp the Merfolk Ice Elementalist began the quest for the Orb.
     0 | D:1      | Reached XP level 1. HP: 13/13 MP: 3/3
   280 | D:1      | Reached XP level 2. HP: 19/19 MP: 5/5
   284 | D:1      | Learned a level 2 spell: Throw Frost
   847 | D:1      | Reached XP level 3. HP: 24/24 MP: 6/6
   852 | D:1      | Learned a level 3 spell: Ozocubu's Armour
  1381 | D:2      | Found a hide-covered altar of Uskayaw.
  1412 | D:2      | Found a sparkling altar of Nemelex Xobeh.
  1467 | D:2      | Reached skill level 5 in Ice Magic
  1512 | D:2      | Found a shimmering altar of Xom.
  1559 | D:2      | Reached XP level 4. HP: 30/30 MP: 1/7
  1955 | D:2      | Found a runed door.
  2052 | D:2      | Found a shadowy altar of Dithmenos.
  3087 | D:3      | Reached XP level 5. HP: 30/35 MP: 5/8
  3130 | D:3      | Reached skill level 1 in Polearms
  3260 | D:3      | Reached skill level 2 in Polearms
  3268 | D:3      | Reached skill level 1 in Fighting
  3487 | D:3      | Reached skill level 3 in Polearms
  3832 | D:4      | Reached XP level 6. HP: 40/43 MP: 9/9
  4270 | D:4      | Reached skill level 4 in Polearms
  4409 | D:4      | Found a burning altar of Makhleb.
  4421 | D:4      | Became a worshipper of Makhleb the Destroyer
  4465 | D:4      | Reached skill level 5 in Polearms
  4494 | D:4      | Reached XP level 7. HP: 47/51 MP: 8/10
  4741 | D:5      | Entered Level 5 of the Dungeon
  4742 | D:5      | Found a staircase to the Ecumenical Temple.
  4805 | D:5      | Reached skill level 6 in Polearms
  5064 | D:5      | Found a shattered altar of Ashenzari.
  5092 | D:5      | Reached skill level 5 in Dodging
  5362 | D:5      | Found a white marble altar of Elyvilon.
  5473 | D:5      | Reached skill level 7 in Polearms
  5920 | D:5      | Reached XP level 8. HP: 58/60 MP: 2/11
  6389 | D:6      | Reached skill level 8 in Polearms
  6775 | D:6      | Reached * piety under Makhleb
  6913 | D:6      | Reached skill level 9 in Polearms
  7089 | D:6      | Noticed Edmund
  7399 | D:6      | HP: 3/60 [Edmund/flail of protection (20)]
  7404 | D:6      | Killed Edmund
  7404 | D:6      | Reached skill level 10 in Polearms
  7922 | D:7      | Reached skill level 11 in Polearms
  8075 | D:7      | Noticed a yak
  8075 | D:7      | Noticed a yak
  8075 | D:7      | Noticed a yak
  8075 | D:7      | Noticed a yak
  8166 | D:7      | Reached XP level 9. HP: 41/65 MP: 6/12
  8170 | D:7      | Found an opulent altar of Gozag.
  8409 | D:7      | Found a shimmering altar of Xom.
  8426 | D:7      | Found an ancient bone altar of Kikubaaqudgha.
  8467 | D:7      | Reached skill level 12 in Polearms
  8614 | D:7      | Reached skill level 1 in Conjurations
  8614 | D:7      | Reached skill level 1 in Invocations
  8655 | D:7      | Found a shimmering altar of Xom.
  8655 | D:7      | Found a shimmering altar of Xom.
  8658 | D:7      | Found a shimmering altar of Xom.
  8659 | D:7      | Found a shimmering altar of Xom.
  8660 | D:7      | Found a shimmering altar of Xom.
  8887 | D:7      | Reached skill level 1 in Charms
  9029 | D:8      | Found an ornate altar of the Wu Jian Council.
  9684 | D:8      | Found a snail-covered altar of Cheibriados.
  9731 | D:8      | Found a staircase to the Lair.
  9788 | D:8      | Got a fine robe
  9799 | D:8      | Identified the +2 robe of Baom {*Drain rCorr Str+4 Int+2} (You found it on level 8 of the Dungeon)
  9849 | D:8      | Noticed a troll
 10142 | D:8      | You fall through a shaft for 3 floors!
 10142 | D:11     | Noticed a yaktaur
 10152 | D:11     | Found a labyrinth entrance.
 10156 | D:11     | Got a slimy short sword
 10496 | D:11     | Reached XP level 10. HP: 71/71 MP: 7/16
 10497 | D:11     | Reached ** piety under Makhleb
 10613 | D:11     | Reached skill level 13 in Polearms
 10738 | D:11     | Learned a level 3 spell: Regeneration
 10742 | D:11     | Learned a level 3 spell: Spectral Weapon
 10747 | D:11     | Learned a level 4 spell: Throw Icicle
 10782 | D:10     | Entered Level 10 of the Dungeon
 11118 | D:9      | Reached skill level 5 in Spellcasting
 11436 | D:9      | Noticed a two-headed ogre
 12060 | D:8      | Upgraded the game from 0.23-a0-49-gd9f7a49 to 0.23-a0-54-gae6112e
 12097 | D:9      | Found a deep blue altar of Sif Muna.
 12117 | D:9      | Reached skill level 14 in Polearms
 12263 | D:9      | Noticed a two-headed ogre
 12281 | D:9      | Killed a two-headed ogre
 12281 | D:9      | Reached skill level 1 in Evocations
 12330 | D:9      | Found a stormy altar of Qazlal.
 12359 | D:9      | Reached XP level 11. HP: 77/77 MP: 8/20
 12392 | D:9      | Killed a two-headed ogre
 12392 | D:9      | Reached skill level 15 in Polearms
 12511 | D:9      | Noticed a death knight
 12554 | D:9      | Found a bloodstained altar of Trog.
 12650 | D:9      | Found a radiant altar of Vehumet.
 12942 | D:10     | Reached *** piety under Makhleb
 13601 | D:11     | Noticed a two-headed ogre
 13611 | D:11     | Killed a two-headed ogre
 13611 | D:11     | Reached skill level 16 in Polearms
 13900 | D:11     | Found a portal to a secret trove of treasure.
 14221 | D:11     | Got a pitted scale mail
 14787 | D:12     | Found a staircase to the Orcish Mines.
 14803 | D:12     | Noticed a six-headed hydra
 15050 | D:2      | Noticed Crazy Yiuf
 15056 | D:2      | Killed Crazy Yiuf
 15448 | Lair:1   | Entered Level 1 of the Lair of Beasts
 15507 | Lair:1   | Reached **** piety under Makhleb
 15626 | Lair:1   | Learned a level 3 spell: Conjure Flame
 15681 | Lair:1   | Reached skill level 17 in Polearms
 15855 | Lair:1   | Found a dark tunnel.
 15855 | Lair:1   | Noticed a lindwurm
 15948 | Lair:1   | Reached XP level 12. HP: 37/85 MP: 16/21
 16305 | Lair:1   | Noticed a four-headed hydra
 16323 | Lair:1   | Killed a four-headed hydra
 16323 | Lair:1   | Reached skill level 5 in Fighting
 16631 | Lair:2   | Noticed Sonja
 16662 | Lair:2   | Killed Sonja
 16743 | Lair:2   | Noticed a four-headed hydra
 16752 | Lair:2   | Killed a four-headed hydra
 16752 | Lair:2   | Reached skill level 18 in Polearms
 17238 | Lair:2   | Identified 2 scrolls of acquirement
 17239 | Lair:2   | Got a warped bardiche
 17806 | Lair:3   | Reached skill level 10 in Ice Magic
 17812 | Lair:3   | Reached skill level 19 in Polearms
 17895 | Lair:3   | Reached XP level 13. HP: 93/93 MP: 15/22
 18014 | Lair:3   | Identified the +6 bardiche of Defilement {freeze, rF+} (You acquired it on level 2 of the Lair of Beasts)
 18577 | Lair:3   | Reached skill level 5 in Charms
 18660 | Lair:4   | Reached skill level 20 in Polearms
 18878 | Lair:4   | Found a staircase to the Snake Pit.
 18979 | Lair:4   | Found a staircase to the Shoals.
 19745 | Lair:5   | Found a staircase to the Slime Pits.
 20243 | Lair:6   | Entered Level 6 of the Lair of Beasts
 20548 | Lair:6   | Reached skill level 21 in Polearms
 20608 | Lair:6   | Reached ***** piety under Makhleb
 20748 | Lair:6   | Reached XP level 14. HP: 100/100 MP: 25/25
 21182 | Lair:6   | Reached skill level 22 in Polearms
 22112 | Trove    | Entered a treasure trove
 22131 | Trove    | Got a bloodstained bardiche
 22133 | Trove    | Got a bloodstained bardiche
 22153 | Trove    | Got a flickering bone ring
 22220 | D:11     | Identified the ring of Ymituome {EV+3 Dex+5} (You found it in a treasure trove)
 23143 | D:12     | Found a basalt altar of Yredelemnul.
 23408 | Orc:1    | Entered Level 1 of the Orcish Mines
 23556 | Orc:2    | Entered Level 2 of the Orcish Mines
 23698 | Orc:2    | Found a roughly hewn altar of Beogh.
 23727 | Orc:2    | Reached skill level 23 in Polearms
 23743 | Orc:2    | Found Efeu's Distillery.
 23862 | Orc:2    | Found a staircase to the Elven Halls.
 24028 | Orc:2    | Found a roughly hewn altar of Beogh.
 24047 | Orc:2    | Found Pioheod's Antique Weapon Shoppe.
 24206 | Orc:1    | Noticed Erica
 24336 | Orc:1    | Paralysed by an orc sorcerer for 5 turns
 24428 | Orc:1    | Killed Erica
 24696 | Orc:2    | Found a roughly hewn altar of Beogh.
 24882 | Orc:2    | Found a roughly hewn altar of Beogh.
 25362 | Orc:2    | Noticed an orc warlord
 25395 | Orc:2    | Killed an orc warlord
 25447 | Orc:2    | Found Xefuergh's Antique Weapon Emporium.
 25448 | Orc:2    | Found a roughly hewn altar of Beogh.
 25451 | Orc:2    | Found Yculor's Antique Armour Shoppe.
 25534 | Orc:2    | Bought a potion of haste for 110 gold pieces
 25534 | Orc:2    | Bought a potion of heal wounds for 55 gold pieces
 25534 | Orc:2    | Bought a potion of ambrosia for 88 gold pieces
 25534 | Orc:2    | Bought a potion of flight for 33 gold pieces
 25534 | Orc:2    | Bought a potion of haste for 110 gold pieces
 25534 | Orc:2    | Bought a potion of agility for 44 gold pieces
 25534 | Orc:2    | Bought a potion of curing for 33 gold pieces
 25534 | Orc:2    | Bought a potion of flight for 33 gold pieces
 25534 | Orc:2    | Bought a potion of ambrosia for 88 gold pieces
 25534 | Orc:2    | Bought a potion of heal wounds for 55 gold pieces
 25534 | Orc:2    | Bought a potion of curing for 33 gold pieces
 25534 | Orc:2    | Bought a potion of heal wounds for 55 gold pieces
 25534 | Orc:2    | Bought a potion of resistance for 110 gold pieces
 26163 | D:13     | Reached XP level 15. HP: 107/107 MP: 16/27
 26531 | D:13     | Reached skill level 24 in Polearms
 28287 | D:14     | Reached skill level 10 in Dodging
 28308 | D:14     | Identified the +3 bardiche of Teeqiog {chop, MP+9 Str-4 Dex+5} (You found it in a treasure trove)
 28678 | D:14     | Identified the +3 bardiche of the Pits of Slime {chop, Str+4 Dex+8} (You found it in a treasure trove)
 28701 | D:14     | Reached skill level 25 in Polearms
 28740 | D:14     | Found a gate to the Vaults.
 29157 | D:15     | Entered Level 15 of the Dungeon
 29538 | D:15     | Identified the +3 scale mail of Elitism {Int+2} (You found it on level 11 of the Dungeon)
 29645 | D:15     | Found a staircase to the Depths.
 30112 | D:15     | Found a glowing golden altar of the Shining One.
 30877 | Snake:1  | Entered Level 1 of the Snake Pit
 30995 | Snake:1  | Reached skill level 26 in Polearms
 31062 | Snake:1  | Noticed Nikola
 31074 | Snake:1  | Reached XP level 16. HP: 108/117 MP: 21/28
 31098 | Snake:1  | Killed Nikola
 31175 | Snake:1  | Noticed Kirke
 31198 | Snake:1  | Killed Kirke
 31670 | Snake:1  | Noticed Azrael
 31683 | Snake:1  | Killed Azrael
 32425 | Snake:2  | Reached skill level 10 in Fighting
 33615 | Snake:3  | HP: 3/124 [guardian serpent (21)]
 33982 | Snake:3  | Learned a level 6 spell: Bolt of Cold
 34234 | Snake:3  | Found Ecsaweuz's General Store.
 34234 | Snake:3  | Found Runtoche's Jewellery Shoppe.
 34236 | Snake:3  | Found Oviaxto's Armour Shoppe.
 34237 | Snake:3  | Found Cuddagav's Antique Weapon Emporium.
 34243 | Snake:3  | Bought a potion of brilliance for 56 gold pieces
 34243 | Snake:3  | Bought 2 potions of curing for 84 gold pieces
 34243 | Snake:3  | Bought a scroll of remove curse for 42 gold pieces
 34243 | Snake:3  | Bought a scroll of identify for 28 gold pieces
 34453 | Snake:3  | Reached XP level 17. HP: 131/131 MP: 26/29
 34744 | Snake:3  | Found Vouvud's Food Boutique.
 34808 | Snake:3  | Learned a level 6 spell: Freezing Cloud
 34840 | Snake:4  | Entered Level 4 of the Snake Pit
 35023 | Snake:4  | Reached skill level 5 in Conjurations
 35181 | Snake:4  | Noticed Vashnia
 35204 | Snake:4  | HP: 6/131 [Vashnia/bolt (2)]
 36286 | Snake:4  | Killed from afar by a nagaraja

Vault maps used:
D:1:      lightli_arrival_isolated_outpost
D:2:      lemuel_round_altar, nicolae_dithmenos_through_a_glass_darkly,
          lemuel_doored_altar, old_standard_altar, uniq_crazy_yiuf_cottage
D:3:      serial_glass, glass_columns_c, glass_columns_c
D:4:      kennysheep_little_box
D:5:      lemuel_crystal_altar, elyvilon_altar_5,
          minmay_temple_entry_statues_fountains, first_ration,
          nrook_loot_triangle, mumra_transporter_accident,
          minmay_misc_feat_columns, lemuel_flamethrower_2
D:6:      kennysheep_pointless_box, minivault_24, minmay_misc_feat_ornament,
          uniq_edmund
D:7:      nicolae_overflow_hidden_temple,
          nicolae_gozag_cash_rules_everything_around_me, minmay_fountain_box,
          grunt_ogre_cave, xom_redecorated
D:8:      minmay_tri_box, slow_altar_1, lemuel_round_altar, lair_entry_dummy,
          grunt_ministairs_9
D:9:      grunt_qazlal_clouds, lemuel_coloured_pillars_altar,
          nicolae_overflow_crystal_walls, kennysheep_mini
D:11:     enter_trove_0, lab_entry_generic, serial_column_ruins,
          column_ruins_circle_large, column_ruins_grid_2, column_ruins_grid_2,
          column_ruins_open_medium, column_ruins_open_small
D:12:     orc_0_dummy, lemuel_mausoleum_altar_yredelemnul
D:14:     grunt_vaults_entry_tiered, minivault_23
D:15:     hangedman_depths_entry_try_elsewhere_first, tso_metal_star
Lair:1:   nicolae_volcano_entry_vermiform
Lair:2:   uniq_sonja
Lair:4:   minmay_shoals_entry_lonely_mermaid, dummy_snake_entry,
          lemuel_fruit_tree, infiniplex_staircase_pool_2
Lair:5:   nicolae_slime_entry_slimehenge, eino_small_chamber_without_monster,
          cheibrodos_lair_caveside_slide
Lair:6:   hangedman_lair_tendril_chambers, guppyfry_lair_drakes,
          serial_bayou_shore_a
Snake:1:  grunt_megastairs_4, uniq_kirke, uniq_nikola, uniq_azrael
Snake:3:  serial_shops, shop, library_closet, nicolae_snake_linked_coils,
          minmay_shoptagon
Snake:4:  minmay_snake_end_coiled, uniq_vashnia, uniq_agnes
Orc:1:    cheibrodos_orc_guarddog, uniq_erica
Orc:2:    grunt_orc_community_town_hall, grunt_orc_community_big_house_2,
          grunt_orc_community_big_house_2, grunt_orc_community_house_3,
          grunt_orc_community_house_1, grunt_orc_community_house_3,
          grunt_orc_community_house_2, grunt_orc_community_house_3
Trove:    trove_garden

Skill      XL: |  1  2  3  4  5  6  7  8  9 10 11 12 13 14 15 16 17 |
---------------+----------------------------------------------------+-----
Ice Magic      | 4 5 6 8 10 11 | 11.7
Polearms       | 3 5 7 11 12 14 17 19 21 23 26 | 26.0
Dodging        | 3 4 5 6 7 8 10 11 12 | 12.3
Fighting       | 1 2 3 4 6 8 11 | 11.9
Conjurations   | 2 4 5 |  5.3
Invocations    | 4 |  4.0
Charms         | 2 4 7 8 |  8.0
Spellcasting   | 4 6 7 8 |  8.0
Evocations     | 2 4 |  4.0
Stealth        | |  2.1

Action                   |  1- 3 |  4- 6 |  7- 9 | 10-12 | 13-15 | 16-18 || total
-------------------------+-------+-------+-------+-------+-------+-------++-------
Melee: Dagger            |    24 |   135 |    50 |       |       |       ||   209
       Spear             |       |       |   396 |       |       |       ||   396
       Halberd           |       |       |    63 |   432 |       |       ||   495
       Glaive            |       |       |       |   171 |  1222 |       ||  1393
       Tailslap          |       |       |       |       |     1 |       ||     1
       Bardiche          |       |       |       |       |    89 |   365 ||   454
       Scimitar          |       |       |       |       |    14 |       ||    14
Throw: Tomahawk          |       |       |    18 |       |     4 |     5 ||    27
       Stone             |       |       |     1 |       |       |       ||     1
 Cast: Freeze            |    49 |    55 |    94 |    39 |    22 |       ||   259
       Ozocubu's Armour  |     1 |     4 |    39 |    61 |   113 |    57 ||   275
       Throw Frost       |     1 |     7 |    12 |     5 |    24 |     3 ||    52
       Spectral Weapon   |       |       |       |    33 |    79 |    43 ||   155
       Regeneration      |       |       |       |    18 |    40 |    37 ||    95
       Throw Icicle      |       |       |       |     7 |    42 |    35 ||    84
       Conjure Flame     |       |       |       |     2 |     4 |       ||     6
Invok: Lesser Servant of |       |       |       |     5 |    17 |     7 ||    29
Evoke: Wand              |       |       |     7 |       |     3 |       ||    10
  Use: Scroll            |       |     4 |    13 |     7 |    21 |     7 ||    52
       Potion            |       |       |     4 |     3 |     3 |    14 ||    24
 Stab: Sleeping          |     7 |    10 |     9 |     7 |     3 |     4 ||    40
       Distracted        |       |       |       |     6 |    19 |     4 ||    29
       Invisible         |       |       |       |       |       |     8 ||     8
  Eat: Chunk             |     3 |    12 |    20 |    20 |    40 |     5 ||   100
       Ration            |       |       |     2 |     5 |     2 |     5 ||    14
Armor: Robe              |    16 |    24 |    86 |   134 |   360 |    66 ||   686
       Skin              |       |       |     2 |       |       |       ||     2
Dodge: Dodged            |    28 |    95 |   284 |   397 |   912 |   233 ||  1949
Block: Other             |       |       |       |       |    21 |    67 ||    88
       Reflection        |       |       |       |       |       |    15 ||    15
       Rpst.: Scimitar   |       |       |       |       |     6 |       ||     6

Table legend:
 A = Spawn XP
 B = Non-spawn XP
 C = Spawn XP percentage of total XP
 D = Spawn monster count
 E = Non-spawn monster count
 F = Spawn count percentage of total count
 G = Total turns spent on level
                    A         B        C        D         E        F      G
               +---------+---------+-------+---------+---------+-------+---------
         Total |       0 |  197922 |   0.0 |       0 |     872 |   0.0 | 36286
               +---------+---------+-------+---------+---------+-------+---------
           D:1 |       0 |      49 |   0.0 |       0 |      30 |   0.0 |  1320
           D:2 |       0 |     119 |   0.0 |       0 |      23 |   0.0 |  1331
           D:3 |       0 |     314 |   0.0 |       0 |      33 |   0.0 |  1246
           D:4 |       0 |     395 |   0.0 |       0 |      16 |   0.0 |   974
           D:5 |       0 |     807 |   0.0 |       0 |      20 |   0.0 |  1899
           D:6 |       0 |     712 |   0.0 |       0 |      19 |   0.0 |  1497
           D:7 |       0 |    2166 |   0.0 |       0 |      22 |   0.0 |  1287
           D:8 |       0 |    1753 |   0.0 |       0 |      22 |   0.0 |  1927
           D:9 |       0 |    6253 |   0.0 |       0 |      34 |   0.0 |  1581
          D:10 |       0 |    1498 |   0.0 |       0 |      15 |   0.0 |   624
          D:11 |       0 |    4238 |   0.0 |       0 |      39 |   0.0 |  2066
          D:12 |       0 |    3700 |   0.0 |       0 |      29 |   0.0 |  1376
          D:13 |       0 |   11181 |   0.0 |       0 |      35 |   0.0 |  1655
          D:14 |       0 |   17076 |   0.0 |       0 |      61 |   0.0 |  1409
          D:15 |       0 |    7491 |   0.0 |       0 |      12 |   0.0 |  1152
        Lair:1 |       0 |    3687 |   0.0 |       0 |      10 |   0.0 |  1175
        Lair:2 |       0 |    7831 |   0.0 |       0 |      33 |   0.0 |  1054
        Lair:3 |       0 |    9371 |   0.0 |       0 |      40 |   0.0 |  1163
        Lair:4 |       0 |    3915 |   0.0 |       0 |      16 |   0.0 |   848
        Lair:5 |       0 |    5045 |   0.0 |       0 |      26 |   0.0 |   829
        Lair:6 |       0 |   22658 |   0.0 |       0 |      69 |   0.0 |  1658
       Snake:1 |       0 |   22351 |   0.0 |       0 |      40 |   0.0 |  1037
       Snake:2 |       0 |   21542 |   0.0 |       0 |      36 |   0.0 |  1924
       Snake:3 |       0 |   18649 |   0.0 |       0 |      38 |   0.0 |  1027
       Snake:4 |       0 |   11984 |   0.0 |       0 |      26 |   0.0 |  1421
         Orc:1 |       0 |    2305 |   0.0 |       0 |      15 |   0.0 |   631
         Orc:2 |       0 |   10832 |   0.0 |       0 |     113 |   0.0 |  2068
               +---------+---------+-------+---------+---------+-------+---------
